 Dungeon Crawl Stone Soup version 0.28-a0-199-g298df9dbad (webtiles) character file.

Game seed: 292430851108202569

1629 freelancePsychic the Carver (level 8, -10/57 (64) HPs)
             Began as a Vampire Berserker on Aug 19, 2021.
             Was an Elder of Trog.
             Mangled by a wight (14 damage)
             ... on level 6 of the Dungeon.
             The game lasted 00:07:54 (4019 turns).

freelancePsychic the Carver (Vampire Berserker)     Turns: 4019, Time: 00:07:54

HP:   -10/57 (64)   AC:  9    Str: 18    XL:     8   Next: 65%
MP:   8/8           EV:  7    Int:  9    God:    Trog [****..]
Gold: 296           SH:  5    Dex: 14    Spells: 7/7 levels left

rFire   . . .      SeeInvis +   m - +0 short sword (drain)
rCold   + . .      Faith    .   r - +0 buckler
rNeg    . . .      Spirit   .   z - +0 chain mail
rPois   .          Reflect  .   (no helmet)
rElec   .          Harm     .   (no cloak)
rCorr   .          Rampage  .   n - +0 pair of gloves
Will    .....                   (no boots)
Stlth   ..........              (no amulet)
HPRegen 0.39/turn               i - ring of protection from cold
MPRegen 0.11/turn               (no ring)

@: on berserk cooldown, healing quickly, slowed, studying Throwing, heavily
drained, very slow
A: alive, fangs 3, see invisible, vampiric 2
a: Exsanguinate, Renounce Religion, Berserk, Trog's Hand, Brothers in Arms


You were on level 6 of the Dungeon.
You worshipped Trog.
Trog was greatly pleased with you.
You visited 1 branch of the dungeon, and saw 6 of its levels.

You collected 296 gold pieces.

Inventory:

Hand Weapons
 a - a +0 falchion
 b - a +0 scimitar
 g - a +2 great sword
 m - a +0 short sword of draining (weapon)
Armour
 n - a +0 pair of gloves (worn)
 o - a +0 kite shield
 r - a +0 buckler (worn)
 z - a +0 chain mail (worn)
Jewellery
 i - a ring of protection from cold (left hand)
 s - a ring of fire
Wands
 u - a wand of acid (9)
Scrolls
 d - a scroll of teleportation {unknown}
 e - 2 scrolls of brand weapon {unknown}
 f - 3 scrolls of identify {unknown}
 h - a scroll of silence
 p - a scroll of amnesia {unknown}
 q - a scroll of fog {unknown}
 t - a scroll of enchant weapon {unknown}
 x - a scroll of noise {unknown}
 y - a scroll of magic mapping {unknown}
Potions
 c - 2 potions of lignification {unknown}
 j - a potion of haste {@q3}
 l - 3 potions of heal wounds {unknown}
 v - a potion of curing {unknown}
 w - a potion of brilliance {unknown}


   Skills:
 + Level 5.8 Fighting
 * Level 8.6 Long Blades
 + Level 2.0 Armour
 - Level 2.1 Dodging
 - Level 4.0 Shields


You had 7 spell levels left.
You didn't know any spells.
Your spell library was empty.

Dungeon Overview and Level Annotations

Branches:
Dungeon (6/15)             Temple (0/1) D:5

Altars:
Elyvilon
Hepliaklqana


Innate Abilities, Weirdness & Mutations

Your natural rate of healing is accelerated.
You have razor-sharp teeth.
You have supernaturally acute eyesight. (SInv)
You are afflicted with vampirism and can become a bat while bloodless.


Message History

No target in view!
No target in view!
No target in view!
No target in view!
No target in view!
No target in view!
No target in view!
No target in view!
You start resting.
You are no longer berserk.
You are exhausted.
You feel yourself slow down.
You start resting.
HP restored.
Things that are here:
a +0 scimitar; a +0 robe
b - a +0 scimitar
Things that are here:
a +2 great sword; a +0 robe
g - a +2 great sword You see here a +0 robe.
You see here a +0 robe.
A wight comes into view. It is wielding a +3 halberd.
The wight hits you from afar with a +3 halberd!
You block the wight's attack. The wight hits you with a +3 halberd.
You're still recovering from your berserk rage.
You hit the wight but do no damage. The wight hits you with a +3 halberd!
You feel drained.
You hit the wight.
The wight is lightly damaged.
The wight hits you with a +3 halberd!
You feel drained.
You hit the wight but do no damage. You bite the wight, but do no damage.
The wight is lightly damaged.
The wight barely misses you.
The wight hits you from afar with a +3 halberd!
* * * LOW HITPOINT WARNING * * *
You feel drained.
* * * LOW HITPOINT WARNING * * *
The wight hits you from afar with a +3 halberd!
You die...

#########
.......z#
#.##..########
######
#.)...@[[[...#
#.....
####..######.#
#.#### #..#
#.# #.# #..#
#.# #.# ...#
#.#####.####
##.##
#...........
#.
#######.####
.. #.# #.#


You could see a wight.

Vanquished Creatures
  A wyvern (D:4)
  An ogre (D:4)
  A necrophage (D:5)
  3 centaurs
  A phantom (D:6)
  Blork the orc (D:5)
  A bullfrog (D:6)
  3 scorpions
  A water moccasin skeleton (D:4)
  2 wights (D:6)
  2 howler monkeys
  2 centaur zombies (D:5)
  2 hounds (D:5)
  A jelly (D:4)
  A bullfrog skeleton (D:5)
  Natasha (D:1)
  An iguana (D:5)
  A hound skeleton (D:4)
  Robin (D:2)
  6 gnolls
  7 adders
  2 ufetubi
  A worm (D:2)
  2 dart slugs
  An orc (D:3)
  5 bats
  9 endoplasms
  6 giant cockroaches
  11 goblins
  14 hobgoblins
  4 jackals (D:3)
  6 quokkas
  7 ball pythons
  5 frilled lizards
  9 kobolds
  A quokka skeleton (D:4)
  3 rats
126 creatures vanquished.

Vanquished Creatures (others)
  A butterfly (D:4)
1 creature vanquished.

Grand Total: 127 creatures vanquished

Notes
Turn   | Place    | Note
-------+----------+-------------------------------------------
     0 | D:1      | freelancePsychic the Vampire Berserker began the quest for
                  | the Orb.
     0 | D:1      | Reached XP level 1. HP: 17/17 MP: 1/1
   119 | D:1      | Reached XP level 2. HP: 11/23 MP: 2/2
   308 | D:1      | Gained mutation: You are afflicted with vampirism and can
                  | become a bat while bloodless. [Vampire growth]
   308 | D:1      | Reached XP level 3. HP: 23/29 MP: 3/3
   497 | D:1      | Reached skill level 4 in Long Blades
   536 | D:1      | Reached ** piety under Trog
   717 | D:1      | Found a faded altar of an unknown god.
   751 | D:2      | Noticed Natasha
   839 | D:1      | Killed Natasha
   840 | D:1      | Reached XP level 4. HP: 35/35 MP: 4/4
  1119 | D:2      | Noticed Robin
  1142 | D:2      | Killed Robin
  1662 | D:3      | Reached skill level 5 in Long Blades
  1662 | D:3      | Reached XP level 5. HP: 41/41 MP: 5/5
  1678 | D:3      | Reached *** piety under Trog
  2004 | D:4      | Noticed a wyvern
  2118 | D:4      | Noticed an ogre
  2129 | D:3      | Reached skill level 1 in Shields
  2168 | D:4      | Reached XP level 6. HP: 48/48 MP: 6/6
  2295 | D:4      | Killed a wyvern
  2296 | D:4      | Reached skill level 6 in Long Blades
  2353 | D:4      | Reached XP level 7. HP: 55/55 MP: 7/7
  2417 | D:4      | Reached **** piety under Trog
  2489 | D:4      | Found a hazy altar of Hepliaklqana.
  2812 | D:5      | Entered Level 5 of the Dungeon
  2839 | D:5      | Reached skill level 7 in Long Blades
  3006 | D:5      | Reached skill level 5 in Fighting
  3047 | D:5      | Reached XP level 8. HP: 52/62 MP: 8/8
  3232 | D:5      | Found a staircase to the Ecumenical Temple.
  3266 | D:5      | Noticed Blork the orc
  3273 | D:5      | Killed Blork the orc
  3316 | D:5      | Reached skill level 8 in Long Blades
  4019 | D:6      | Mangled by a wight

Illustrated notes

Levels and vault maps discovered:
D:1:      mainiacjoe_arrival_reflecting_pool, layout_rooms,
          shapermc_ecumenical_altar_hornbeckon
D:2:      layout_rooms, minivault_5, uniq_robin, uniq_natasha
D:3:      layout_basic
D:4:      layout_cave_pools, old_standard_altar,
          nicolae_elyvilon_peaceful_grove, minmay_manual_moon
D:5:      layout_loops_ring, temple_fountains, uniq_blork_the_orc
D:6:      kennysheep_big_flooded_room, layout_loops_ring,
          grunt_temple_overflow_open, grunt_potential

Skill      XL: |  1  2  3  4  5  6  7  8 |
---------------+-------------------------+-----
Fighting       | 3 4 5 |  5.8
Long Blades    | 4 5 6 7 8 |  8.6
Shields        | 1 2 3 4 |  4.0
Armour         | 2 |  2.0
Dodging        | |  2.1

Action                   |  1- 3 |  4- 6 |  7- 9 || total
-------------------------+-------+-------+-------++-------
Melee: Falchion          |    64 |    47 |       ||   111
       Bite              |     6 |    17 |    21 ||    44
       Short sword       |       |   117 |   154 ||   271
Invok: Berserk           |     3 |     7 |     6 ||    16
       Trog's Hand       |       |     1 |     2 ||     3
  Use: Scroll            |     1 |     1 |       ||     2
 Stab: Sleeping          |       |     1 |       ||     1
Armor: Animal skin       |     4 |       |       ||     4
       Leather armour    |     6 |     4 |       ||    10
       Scale mail        |       |    60 |    59 ||   119
       Chain mail        |       |       |     1 ||     1
Dodge: Dodged            |    58 |    74 |    76 ||   208
Block: Buckler           |       |     6 |    32 ||    38
       Rpst.: Falchion   |    15 |     6 |       ||    21

Table legend: (Time is in decaauts)
 A = Elapsed time spent in this place.
 B = Non-inter-level travel time spent in this place.
 C = Inter-level travel time spent in this place.
 D = Time resting spent in this place.
 E = Time spent auto-exploring this place.
 F = Levels seen in this place.
 G = Mean time per level.
                   A        B        C        D        E       F      G
               +--------+--------+--------+--------+--------+-----+--------+
         Total |   4145 |   3952 |    193 |    647 |   2425 |   6 |  690.8 |
       Dungeon |   4145 |   3952 |    193 |    647 |   2425 |   6 |  690.8 |
               +--------+--------+--------+--------+--------+-----+--------+

Top non-repeatable levels by time:
     D:5: 926 daAuts
     D:1: 858 daAuts
     D:4: 738 daAuts
     D:2: 720 daAuts
     D:3: 602 daAuts
     D:6: 299 daAuts
